 Dungeon Crawl Stone Soup version 0.28-a0-1447-ga5a8893891 (webtiles) character file.

Game seed: 14140962013531764627

102 shadowrider38 the Ruffian (level 4, -6/40 HPs)
             Began as a Draconian Transmuter on Jan 11, 2022.
             Killed by divine providence
             ... invoked by an orc priest
              (17 damage)
             ... on level 2 of the Dungeon.
             The game lasted 00:03:32 (2916 turns).

shadowrider38 the Ruffian (Draconian Transmuter)    Turns: 2916, Time: 00:03:32

Health: -6/40      AC:  6    Str: 13    XL:     4   Next: 50%
Magic:  7/7        EV: 12    Int: 15    God:
Gold:   57         SH:  0    Dex: 11    Spells: 6/7 levels left

rFire   . . .      SeeInvis .     - Unarmed
rCold   . . .      Faith    .   (no shield)
rNeg    . . .      Spirit   .   (armour unavailable)
rPois   .          Reflect  .   (helmet restricted)
rElec   .          Harm     .   (no cloak)
rCorr   .          Rampage  .   j - +0 pair of gloves
Will    .....                   (no boots)
Stlth   +.........              (no amulet)
HPRegen 0.13/turn               (no ring)
MPRegen 0.10/turn               (no ring)

@: no status effects
A: AC +5, unfitting armour, cold-blooded
a: no special abilities


You were on level 2 of the Dungeon.
You visited 1 branch of the dungeon, and saw 2 of its levels.

You collected 57 gold pieces.

Inventory:

Missiles
 d - 80 stones
 e - 4 curare-tipped darts
 f - 4 javelins
Armour
 j - a +0 pair of gloves (worn)
Scrolls
 a - 3 scrolls of identify {unknown}
 c - a scroll of vulnerability {unknown}
 i - a scroll of fear {unknown}
Potions
 b - a potion of haste {unknown}
 g - a potion of mutation {unknown}
 h - a potion of cancellation {unknown}
 k - a potion of heal wounds {unknown}


   Skills:
 + Level 3.9 Fighting
 - Level 1.7 Dodging
 - Level 4.0 Unarmed Combat
 - Level 2.0 Spellcasting
 - Level 2.0 Transmutations


You had 6 spell levels left.
You knew the following spells:

 Your Spells              Type           Power      Damage    Failure   Level
a - Beastly Appendage     Tmut           14%        N/A       10%         1

Your spell library contained the following spells:

 Spells                   Type           Power      Damage    Failure   Level
 Wereblood                Tmut           7%         N/A       14%         2
 Spider Form              Tmut/Pois      4%         N/A       41%         3
 Ice Form                 Ice/Tmut       4%         N/A       82%         4


Dungeon Overview and Level Annotations

Branches:
Dungeon (2/15)

Altars:


Innate Abilities, Weirdness & Mutations

Your plain brown scales are hard. (AC +5)
You cannot fit into any form of body armour.
You are cold-blooded and may be slowed by cold attacks.


Message History

The orc priest hits you with a +0 hand axe!
You completely miss the orc priest. Your kick misses the orc priest.
The orc priest is lightly wounded.
The orc priest barely misses you.
You closely miss the orc priest.
You claw the orc priest, but do no damage.
The orc priest is lightly wounded.
The orc priest looks braver for a moment.
You barely miss the orc priest. You headbutt the orc priest.
You tail-slap the orc priest.
The orc priest is heavily wounded.
The orc priest calls down the wrath of Beogh upon you.
You barely resist. You closely miss the orc priest.
Your kick misses the orc priest.
The orc priest is heavily wounded.
The orc priest hits you with a +0 hand axe.
You barely miss the orc priest. You claw the orc priest.
The orc priest is almost dead.
The orc priest calls down the wrath of Beogh upon you.
Pain shoots through your body!
You hit the orc priest. You claw the orc priest.
You kill the orc priest!
Your horns disappear.
Your talons disappear.
An orc priest comes into view. It is wielding a +0 dagger.
Things that are here:
a +0 hand axe; a +0 dagger; an orc corpse An orc comes into view.
It is wielding a +0 flail.
There is an open door here.
You close the door.
An orc priest opens the door.
The orc priest invokes the aid of Beogh against you.
Beogh smites you!
* * * LOW HITPOINT WARNING * * *
The orc priest casts a cantrip, but nothing happens.
There is an open door here.
As you close the door, it creaks loudly!
There is a stone staircase leading up here.
The orc priest calls down the wrath of Beogh upon you.
Beogh smites you!
You die...

.....'...........'....>#
######...........#####.#
#...........###...######
#...........##...........
#...........##...........
#...........##...........
#........................
#####....o......#.#'#########
.........##+#..@#.#.#
.........##.#.###.#.#
.......^.#........#.#########
..........#....#####..........
..........#....+...#.......#
..........#....##.##.......#
.........o#....##.##.......#
..........#....##.##.......#
..........#....##.##.......#


You could see an orc priest.

Vanquished Creatures
  An orc priest (D:2)
  A gnoll (D:1)
  2 adders (D:2)
  An orc (D:2)
  3 ball pythons
  4 endoplasms
  A giant cockroach (D:1)
  6 goblins (D:1)
  5 hobgoblins (D:1)
  6 jackals
  A quokka (D:2)
  4 bats (D:1)
  2 frilled lizards
  2 kobolds (D:1)
  3 rats (D:1)
42 creatures vanquished.

Notes
Turn   | Place    | Note
-------+----------+-------------------------------------------
     0 | D:1      | shadowrider38 the Draconian Transmuter began the quest for
                  | the Orb.
     0 | D:1      | Reached XP level 1. HP: 16/16 MP: 3/3
   751 | D:1      | Reached XP level 2. HP: 24/24 MP: 3/5
   888 | D:1      | Found a faded altar of an unknown god.
  1634 | D:1      | Reached XP level 3. HP: 30/30 MP: 4/6
  2631 | D:2      | Reached skill level 4 in Unarmed Combat
  2757 | D:2      | Reached XP level 4. HP: 27/38 MP: 7/7
  2916 | D:2      | Killed from afar by an orc priest

Illustrated notes

Levels and vault maps discovered:
D:1:      minmay_arrival_radiant_lines, layout_basic,
          shapermc_ecumenical_altar_pompeii, minmay_split_cup_large
D:2:      cheibrodos_pilgrimage, layout_basic

Skill      XL: |  1  2  3 |
---------------+----------+-----
Fighting       | 2 3 |  3.9
Unarmed Combat | 4 |  4.0
Dodging        | |  1.7
Spellcasting   | |  2.0
Transmutations | |  2.0

Action                   |  1- 3 |  4- 6 || total
-------------------------+-------+-------++-------
Melee: Unarmed           |   107 |    16 ||   123
       Kick              |    13 |     4 ||    17
       Tailslap          |    10 |     2 ||    12
       Headbutt          |     9 |     2 ||    11
       Punch             |     4 |       ||     4
 Cast: Beastly Appendage |    20 |     1 ||    21
Armor: Skin              |    39 |     2 ||    41
Dodge: Dodged            |    59 |     5 ||    64

Table legend: (Time is in decaauts)
 A = Elapsed time spent in this place.
 B = Non-inter-level travel time spent in this place.
 C = Inter-level travel time spent in this place.
 D = Time resting spent in this place.
 E = Time spent auto-exploring this place.
 F = Levels seen in this place.
 G = Mean time per level.
                   A        B        C        D        E       F      G
               +--------+--------+--------+--------+--------+-----+--------+
         Total |   2909 |   2810 |     99 |   1639 |    742 |   2 | 1454.5 |
       Dungeon |   2909 |   2810 |     99 |   1639 |    742 |   2 | 1454.5 |
               +--------+--------+--------+--------+--------+-----+--------+

Top non-repeatable levels by time:
     D:1: 2303 daAuts
     D:2: 606 daAuts
